 Dungeon Crawl Stone Soup version 0.30-a0-1161-g0704695555 (console) character file.

Game seed: 3740032636159089172

3304 jejorda2 the Spear-Bearer (level 10, 0/114 HPs)
             Began as a Merfolk Berserker on Apr 27, 2023.
             Was an Elder of Trog.
             Slain by an orc wizard
             ... wielding a +5 trident of pain
              (1 damage)
             ... on level 7 of the Dungeon.
             The game lasted 00:14:01 (6592 turns).

jejorda2 the Spear-Bearer (Merfolk Berserker)       Turns: 6592, Time: 00:14:01

Health: 0/114      AC: 32    Str: 22    XL:     10   Next: 1%
Magic:  10/10      EV:  2    Int:  6    God:    Trog [****..]
Gold:   353        SH:  0    Dex: 14    Spells: 9/9 levels left

rFire   . . .        a - +2 halberd (protect)
rCold   + . .        (shield currently unavailable)
rNeg    . . .        w - melded +0 chain mail
rPois   +            p - melded +0 helmet
rElec   .            j - melded scarf {rC+ rF+}
rCorr   .            c - melded +1 pair of gloves
SInv    +            (boots currently unavailable)
Will    ++...        (no amulet)
Stlth   +            s - ring of see invisible
HPRegen 1.39/turn    C - ring of protection from cold
MPRegen 0.12/turn

%: no passive effects
@: tree-form, strong-willed, under a protective aura, on berserk cooldown,
regenerating, slowed, very slow
A: stationary, stasis, torment immunity, boosted hp, (nimble swimmer 2),
(mertail)
a: Renounce Religion, Berserk, Trog's Hand, Brothers in Arms


You were on level 7 of the Dungeon.
You worshipped Trog.
Trog was greatly pleased with you.
You were a tree.
You visited 1 branch of the dungeon, and saw 7 of its levels.
You also visited: Ossuary.

You collected 423 gold pieces.
You spent 70 gold pieces at shops.

Inventory:

Hand Weapons
 a - a +2 halberd of protection (weapon)
 b - a +1 vampiric trident
 G - a +0 halberd
Missiles
 e - 50 stones (quivered)
 g - 4 boomerangs
 h - 16 poisoned darts
 l - 3 javelins
 t - a throwing net
Armour
 c - a +1 pair of gloves (melded)
 j - a scarf of resistance (melded)
 p - a +0 helmet (melded)
 w - a +0 chain mail (melded)
Jewellery
 s - a ring of see invisible (left branch)
 C - a ring of protection from cold (right branch)
 H - a +4 ring of protection
Wands
 y - a wand of light (8)
 E - a wand of mindburst (15)
Scrolls
 d - 3 scrolls of blinking
 k - 5 scrolls of teleportation
 x - a scroll of enchant weapon
 A - 2 scrolls of magic mapping
 B - a scroll of silence
 D - a scroll of poison
Potions
 f - 3 potions of mutation
 m - 2 potions of curing
 n - 2 potions of attraction {unknown}
 o - 3 potions of heal wounds {unknown}
 q - a potion of resistance {unknown}
 r - 2 potions of cancellation
 u - 2 potions of might
 v - 2 potions of magic {unknown}
 z - 2 potions of flight {unknown}
 F - a potion of brilliance {unknown}


   Skills:
 - Level 6.0 Fighting
 * Level 14.9 Polearms
 + Level 5.1 Armour
 - Level 2.6 Dodging


You had 9 spell levels left.
You didn't know any spells.
Your spell library was empty.

Dungeon Overview and Level Annotations

Branches:
Dungeon (7/15)             Temple (0/1) D:4         Ossuary (visited)

Altars:
Ashenzari
Fedhas
Gozag
Hepliaklqana
Kikubaaqudgha
Qazlal
Ru
Sif Muna
Trog
Xom
Yredelemnul
The Shining One

Shops:
D:2 ?   D:6 (


Innate Abilities, Weirdness & Mutations

You are a tree.
Your roots penetrate the ground, keeping you stationary.
You cannot be teleported.
You are immune to unholy pain and torment.
Your maximum health is greatly increased.
Your equipment is partially melded.
((You are very nimble when in or above water. (Stealth+, EV+, Speed+++)))
((Your lower body shifts to a powerful aquatic tail in water.))


Message History

The killer bee stings you.
* * * LOW HITPOINT WARNING * * *
Really quaff the potion of lignification?
You turn into a tree.
Your scarf of resistance melds into your body.
Your +0 helmet melds into your body.
Your +1 pair of gloves melds into your body.
Your +0 chain mail melds into your body.
You feel hot and cold all over.
Your roots penetrate the ground.
The killer bee stings you but does no damage. x2
The orc wizard hits you but does no damage.
The killer bee stings you but does no damage.
The orc wizard hits you but does no damage.
You writhe in agony.
* * * LOW HITPOINT WARNING * * *
Unknown command.
Unknown command.
Unknown command.
You puncture the killer bee!
Your weapon exudes an aura of protection.
The killer bee is almost dead.
The killer bee stings you but does no damage. x2
The orc wizard hits you but does no damage.
The killer bee stings you but does no damage.
You closely miss the killer bee.
The killer bee is almost dead.
The killer bee stings you but does no damage.
The orc wizard hits you but does no damage.
You writhe in agony.
* * * LOW HITPOINT WARNING * * *
The killer bee stings you but does no damage.
You slice the killer bee!!
You kill the killer bee!
Trog accepts your kill.
The orc wizard hits you from afar with a +5 trident of pain!
* * * LOW HITPOINT WARNING * * *
You writhe in agony.
* * * LOW HITPOINT WARNING * * *
The orc wizard hits you from afar with a +5 trident of pain.
You die...

.....##))##.# #...
#....)###.#####...
#.###..##.##.#...[
#.#.#......#...... #
+........###.....# .#
#.#........#....## #.
#)...............# # ##'#
#...#>.#...#..##.. [.
##...##♣###)####...###..
.##.#.#.#o##.. ##... ##.
.J.#.#.o.#....# #..## ##
#o(#..#......## #..## ##
#)#.##.##.... #...###.
###'###.# ##.## #....#..
#.....#.###...###)##.#..
#...#.#..##...##...#....
.'.....'.......#..####...


You could see 2 orc wizards.

Vanquished Creatures
  A cyclops (D:7)
  An ugly thing (D:7)
  Grinder (D:5)
  A shadow (D:7)
  Eustachio (D:5)
  3 ice beasts
  4 black bears
  A sky beast (D:7)
  2 centaurs
  2 phantoms
  An elf zombie (Ossuary)
  A kobold brigand (D:6)
  A killer bee (D:7)
  2 centaur zombies (Ossuary)
  A hound (D:4)
  2 human zombies (Ossuary)
  3 jellies
  4 orc priests
  2 sleepcaps
  2 iguanas
  4 orc wizards
  2 mummies (Ossuary)
  10 gnolls
  6 adders
  2 shadow imps
  2 white imps (D:7)
  An ufetubus (D:6)
  2 adder zombies (Ossuary)
  A worm (D:2)
  3 dart slugs
  15 orcs
  4 bats (D:1)
  6 endoplasms
  2 giant cockroaches
  13 goblins
  8 hobgoblins
  4 jackals
  7 kobolds
  2 quokkas
  3 training dummies (D:6)
  4 ball pythons
  3 frilled lizards
  2 goblin zombies (Ossuary)
  15 hobgoblin zombies (Ossuary)
  A kobold zombie (Ossuary)
  10 orc zombies (Ossuary)
  3 rats
  A rat zombie (Ossuary)
172 creatures vanquished.

Vanquished Creatures (others)
  2 withered plants (D:3)
2 creatures vanquished.

Grand Total: 174 creatures vanquished

Notes
Turn   | Place    | Note
-------+----------+-------------------------------------------
     0 | D:1      | jejorda2 the Merfolk Berserker began the quest for the Orb.
     0 | D:1      | Reached XP level 1. HP: 18/18 MP: 1/1
    96 | D:1      | Reached XP level 2. HP: 24/24 MP: 2/2
   313 | D:1      | Reached skill level 5 in Polearms
   321 | D:1      | Reached XP level 3. HP: 26/30 MP: 3/3
   923 | D:1      | Reached ** piety under Trog
  1273 | D:2      | Reached XP level 4. HP: 37/37 MP: 4/4
  1308 | D:2      | Found Ygoph's Magic Scroll Boutique.
  1317 | D:2      | Bought a scroll of teleportation for 42 gold pieces
  1317 | D:2      | Bought a scroll of identify for 28 gold pieces
  1407 | D:2      | Reached skill level 6 in Polearms
  1913 | D:3      | Found an ancient bone altar of Kikubaaqudgha.
  1932 | D:3      | Reached XP level 5. HP: 43/43 MP: 5/5
  2012 | D:3      | Found a broken altar of Ashenzari.
  2077 | D:3      | You fall into a shaft and drop 2 floors!
  2077 | D:5      | Entered Level 5 of the Dungeon
  2105 | D:5      | Found a shimmering altar of Xom.
  2106 | D:5      | Found a hazy altar of Hepliaklqana.
  2106 | D:5      | Noticed a water moccasin
  2107 | D:5      | Noticed a spectral ugly thing
  2155 | D:5      | Noticed Eustachio
  2179 | D:5      | Killed Eustachio
  2180 | D:5      | Reached skill level 5 in Fighting
  2180 | D:5      | Reached skill level 7 in Polearms
  2180 | D:5      | Reached XP level 6. HP: 51/51 MP: 6/6
  2317 | D:5      | Reached skill level 8 in Polearms
  2323 | D:5      | Noticed Grinder
  2331 | D:5      | Killed Grinder
  2332 | D:5      | Reached XP level 7. HP: 57/57 MP: 7/7
  2335 | D:5      | Reached skill level 9 in Polearms
  2371 | D:5      | Found a sand-covered staircase.
  2379 | Ossuary  | Entered an ossuary
  2472 | Ossuary  | Reached *** piety under Trog
  2604 | Ossuary  | Reached skill level 10 in Polearms
  2638 | Ossuary  | Reached XP level 8. HP: 55/64 MP: 8/8
  3688 | D:4      | Found a staircase to the Ecumenical Temple.
  4165 | D:4      | Found a blossoming altar of Fedhas.
  4165 | D:4      | Found a sacrificial altar of Ru.
  4170 | D:4      | Found a basalt altar of Yredelemnul.
  4174 | D:4      | Found a stormy altar of Qazlal.
  4176 | D:4      | Found a shimmering blue altar of Sif Muna.
  4179 | D:4      | Found a bloodstained altar of Trog.
  4181 | D:4      | Found an opulent altar of Gozag.
  4185 | D:4      | Found a glowing golden altar of the Shining One.
  4965 | D:3      | Reached skill level 11 in Polearms
  5503 | D:6      | Reached skill level 12 in Polearms
  5530 | D:6      | Found Esebeloo's Firing Range.
  5547 | D:6      | Reached **** piety under Trog
  5668 | D:6      | Reached XP level 9. HP: 69/69 MP: 9/9
  5965 | D:6      | Reached skill level 13 in Polearms
  6552 | D:7      | Noticed a red ugly thing
  6554 | D:7      | Noticed a deep elf pyromancer
  6554 | D:7      | Noticed a cyclops
  6565 | D:7      | Identified the +12 dagger of the Grave {heavy, rElec rF+
                  | Str+3}
  6572 | D:7      | Killed a red ugly thing
  6573 | D:7      | Reached skill level 14 in Polearms
  6578 | D:7      | Killed a cyclops
  6578 | D:7      | Identified the +5 war axe of Nem Fomn {freeze, rF++}
  6579 | D:7      | Reached skill level 5 in Armour
  6579 | D:7      | Reached XP level 10. HP: 39/76 MP: 10/10
  6587 | D:7      | HP: 3/76 [orc wizard/+5 trident of pain (7)]
  6592 | D:7      | HP: 3/114 [orc wizard/+5 trident of pain (7)]
  6592 | D:7      | HP: 1/114 [orc wizard/+5 trident of pain (2)]
  6592 | D:7      | Slain by an orc wizard

Illustrated notes

Levels and vault maps discovered:
D:1:      lightli_arrival_boilingwater, layout_basic, serial_corexii_hall,
          corexii_hall_statues_l, chequers_hall_statues_wall_a
D:2:      layout_basic, serial_shops, nicolae_lakefront_shop, hex_large,
          minmay_goblin_outpost
D:3:      layout_loops_ring, kiku_gazebo_garden_becter,
          mainiacjoe_overflow_paths
D:4:      minmay_spotlight, layout_loops_corners,
          nicolae_overflow_hallway_of_the_gods, minmay_temple_entry_glass,
          serial_co_window_serial, co_window_corner_a, co_window_paths_b,
          co_window_paths_b, co_window_of_opportunity_a, co_window_paths_a,
          co_window_of_opportunity_a, co_window_paths_a,
          co_window_of_opportunity_a, co_window_paths_a, co_window_corner_b,
          co_window_paths_c, co_window_broadway_a, co_window_corner_cb,
          co_window_corner_cb, co_window_paths_e, glass_columns_c,
          amethyst_killhole, minmay_crystal_water
D:5:      layout_cave_pods, regret_index_temple_of_mockery,
          chequers_ossuary_entry_cave, eino_small_chamber_without_monster,
          uniq_grinder, uniq_eustachio
D:6:      layout_gridville, nicolae_shop_firing_range
D:7:      minmay_the_grid_square_5x5_3x3 [minmay_the_grid_square_5x5_bridge,
          minmay_the_grid_square_5x5_tetrominoes,
          minmay_the_grid_square_5x5_n_small,
          minmay_the_grid_square_5x5_pentomino_r,
          minmay_the_grid_square_5x5_megaprize_crossed,
          minmay_the_grid_square_5x5_v,
          minmay_the_grid_square_5x5_almost_minimal,
          minmay_the_grid_square_5x5_mess,
          minmay_the_grid_square_5x5_two_walls_a], layout_cave_pools,
          lemuel_crystal_altar, zin_scriptorium, overflow_temple_1_default,
          minmay_misc_feat_square, fountainhead

Skill      XL: |  1  2  3  4  5  6  7  8  9 |
---------------+----------------------------+-----
Polearms       | 5 6 7 8 10 12 14 | 14.9
Fighting       | 4 5 6 |  6.0
Armour         | 2 3 5 |  5.1
Dodging        | |  2.6

Action                     |  1- 3 |  4- 6 |  7- 9 | 10-12 || total
---------------------------+-------+-------+-------+-------++-------
  Melee: Spear             |   121 |   106 |   224 |       ||   451
         Punch             |       |     2 |     2 |       ||     4
         Halberd           |       |       |   202 |     6 ||   208
  Throw: Stone             |     3 |     3 |     5 |       ||    11
 Invoke: Berserk           |     1 |     3 |     3 |       ||     7
         Trog's Hand       |       |     1 |     3 |     1 ||     5
    Use: Scroll            |       |     6 |    10 |       ||    16
         Potion            |       |       |     1 |     2 ||     3
   Stab: Sleeping          |     1 |       |       |       ||     1
 Armour: Animal skin       |    13 |       |       |       ||    13
         Chain mail        |    15 |    41 |   142 |     8 ||   206
         Ring mail         |     5 |       |       |       ||     5
         Skin              |       |       |       |    12 ||    12
  Dodge: Dodged            |    45 |    41 |    96 |     9 ||   191

Table legend: (Time is in decaauts)
 A = Elapsed time spent in this place.
 B = Non-inter-level travel time spent in this place.
 C = Inter-level travel time spent in this place.
 D = Time resting spent in this place.
 E = Time spent auto-exploring this place.
 F = Levels seen in this place.
 G = Mean time per level.
                   A        B        C        D        E       F      G
               +--------+--------+--------+--------+--------+-----+--------+
         Total |   6438 |   6140 |    298 |    103 |   4742 |   8 |  804.8 |
       Dungeon |   6150 |   5852 |    298 |    103 |   4631 |   7 |  878.6 |
       Ossuary |    288 |    288 |      0 |      0 |    111 |   1 |  288.0 |
               +--------+--------+--------+--------+--------+-----+--------+

Top non-repeatable levels by time:
     D:4: 1547 daAuts
     D:1: 1029 daAuts
     D:6: 916 daAuts
     D:5: 908 daAuts
     D:2: 742 daAuts
     D:3: 669 daAuts
     D:7: 337 daAuts
 Ossuary: 288 daAuts
